Map: Catalyst LE

Players

Nerchio

  • Race: Zerg Zerg
  • Spawn Location: 5:00

Lambo - Winner!

  • Race: Zerg Zerg
  • Spawn Location: 11:00

Event: WCS Austin 2018

VOD

Have the link to the VOD?

Description

Time

  • Played on: June 3, 2018, 1:18 p.m.
  • Length: 5:33

All games in this series

Show
View Real Time Build Order
Export as new Build Order

Nerchio Zerg 

Build Orders: Hatch First 

Get SALT Encoding   

  12  0:00  Drone  
  13  0:12  Overlord  
  13  0:17  Drone  
  14  0:31  Drone x2  
  16  0:49  Hatchery  
  15  0:51  Drone  
  15  0:55  Drone  
  17  0:59  Drone  
  18  1:09  Extractor  
  17  1:14  Spawning Pool  
  17  1:18  Drone  
  17  1:21  Drone  
  18  1:28  Drone  
  19  1:42  Overlord  
  19  1:49  Drone  
  20  2:01  Queen x2  
  22  2:03  Zergling x2  
  22  2:05  Zergling x2  
  26  2:09  Metabolic Boost  
  26  2:13  Drone  
  28  2:15  Drone  
  28  2:21  Drone  
  29  2:23  Drone  
  30  2:39  Hatchery  
  29  2:45  Baneling Nest  
  29  2:47  Drone  
  29  2:49  Drone  
  30  2:52  Drone  
  30  2:57  Overlord  
  31  3:01  Drone  
  31  3:02  Drone  
  31  3:05  Drone  
  33  3:10  Evolution Chamber  
  33  3:11  Drone  
  33  3:12  Drone  
  35  3:16  Drone x2  
  35  3:17  Drone  
  38  3:28  Zergling x2  
  38  3:29  Zergling x6  
  38  3:34  Overlord  
  42  3:39  Overlord  
  42  3:44  Extractor  
  42  3:47  Drone x3  
  44  3:52  Overlord  
  44  3:55  Drone x3  
  47  4:00  Roach Warren  
  46  4:07  Spine Crawler  
  44  4:18  Spine Crawler  
  42  4:33  Spine Crawler  
  41  4:40  Roach  
  41  4:41  Roach  
  41  4:42  Roach x10  
  41  4:43  Roach  
  67  4:46  Overlord  
  67  4:49  Roach  
  69  4:53  Roach  
  69  4:56  Roach  
  72  5:03  Zergling x6  
  72  5:05  Zergling x2  
  65  5:08  Zergling x2  
  65  5:11  Zergling x2  
  65  5:13  Zergling x2  
Show
View Real Time Build Order
Export as new Build Order

Lambo Zerg - Winner!

Build Orders: Hatch First 

Get SALT Encoding   

  12  0:00  Drone  
  13  0:13  Overlord  
  13  0:17  Drone  
  14  0:31  Drone x2  
  16  0:48  Hatchery  
  15  0:51  Drone  
  15  0:55  Drone  
  17  0:58  Drone  
  18  1:10  Extractor  
  17  1:14  Spawning Pool  
  17  1:18  Drone  
  17  1:20  Drone  
  18  1:28  Drone  
  19  1:39  Drone  
  20  1:50  Overlord  
  20  2:01  Queen x2  
  20  2:02  Drone x2  
  26  2:11  Drone  
  26  2:13  Drone  
  28  2:23  Drone x2  
  30  2:33  Overlord  
  30  2:34  Drone  
  30  2:37  Queen  
  31  2:38  Queen  
  35  2:44  Drone  
  36  2:55  Evolution Chamber  
  36  2:56  Drone x2  
  36  2:57  Metabolic Boost  
  37  3:00  Drone  
  37  3:02  Roach Warren  
  37  3:05  Drone  
  38  3:09  Drone  
  39  3:19  Overlord x2  
  39  3:34  Overlord x2  
  39  3:43  Roach x3  
  45  3:51  Roach x2  
  45  3:52  Roach  
  45  3:53  Roach x4  
  59  4:03  Roach x2  
  59  4:05  Zergling x2  
  64  4:10  Zergling x2  
  64  4:16  Zergling x2  
  66  4:18  Zergling x2  
  66  4:20  Zergling x6  
  66  4:21  Overlord  
  66  4:22  Zergling x4  
  72  4:27  Zergling x2  
  73  4:31  Zergling x2  
  73  4:37  Zergling x2  
  75  4:43  Zergling x2  
  75  4:49  Zergling x2  
  75  4:51  Zergling x8  
  78  4:54  Zergling x6  
  81  5:02  Zergling x2  
  81  5:04  Ravager  
  81  5:06  Zergling x2  
  67  5:29  Ravager  
Tags
 
Add a new tag
Caveats
  • Supply blocks, unpowered buildings, or Contaminate may cause inaccurate times.
  • Supply counts are checked every 10 seconds.